 Dungeon Crawl Stone Soup version 0.13.0-3-g966e3ec (webtiles) character file.

430 JacquesDerrida the Gusty (level 5, -2/31 HPs)
             Began as a High Elf Air Elementalist on Oct 13, 2013.
             Slain by an orc
             ... wielding a +0,+1 orcish hand axe
              (4 damage)
             ... on Level 4 of the Dungeon.
             The game lasted 00:07:36 (2786 turns).

JacquesDerrida the Gusty (HEAE)                     Turns: 2786, Time: 00:07:37

HP  -2/31        AC  3     Str  8      XL: 5   Next: 26%
MP   7/12        EV 12     Int 19      God:
Gold 259         SH  0     Dex 15      Spells:  3 memorised,  3 levels left

Res.Fire  : . . .   See Invis. : .   q - +2,+0 elf dagger
Res.Cold  : . . .   Warding    : .   a - +0 elf robe
Life Prot.: . . .   Conserve   : .   (no shield)
Res.Poison: .       Res.Corr.  : .   y - +0 plumed helmet
Res.Elec. : .       Clarity    : .   (no cloak)
Sust.Abil.: . .     Spirit.Shd : .   (no gloves)
Res.Mut.  : .       Stasis     : .   (no boots)
Res.Rott. : .       Flight     : .   v - amulet of faith {unknown}
Saprovore : . . .                    (no ring)
                                     (no ring)

@: very slightly contaminated, slightly resistant to hostile enchantments,
fairly stealthy
A: no striking features
a: no special abilities


You were on level 4 of the Dungeon.
You were hungry.

You visited 1 branch of the dungeon, and saw 4 of its levels.

You collected 239 gold pieces.

Inventory:

Hand weapons
 n - a cursed -1,-1 hand axe (quivered)
 q - a +2,+0 elven dagger (weapon)
 u - a cursed -1,-1 halberd
Armour
 a - a +0 elven robe (worn)
 y - a +0 plumed helmet (worn)
Comestibles
 c - 3 bread rations
 p - a slice of pizza
 t - a rambutan
 B - 3 rotting chunks of orc flesh
 C - 2 meat rations
 D - a rotting chunk of orc flesh
Scrolls
 d - 2 scrolls of identify {unknown}
 e - a scroll of curse weapon {unknown}
 g - a scroll of noise {unknown}
 h - 3 scrolls of fear {unknown}
 k - 2 scrolls of teleportation {unknown}
 m - 5 scrolls of remove curse {unknown}
 o - a scroll of recharging {unknown}
 r - 2 scrolls of curse jewellery {unknown}
 A - a scroll of magic mapping {unknown}
Jewellery
 i - an uncursed amulet of clarity {unknown}
 v - an amulet of faith (around neck) {unknown}
Potions
 f - a potion of magic {unknown}
 j - a potion of invisibility {unknown}
 l - a potion of curing {unknown}
 s - a potion of heal wounds {unknown}
 w - a potion of slowing {unknown}
 z - 2 potions of confusion {unknown}
Books
 b - a book of Air

   Spells                             Type                      Level
   *Shock                             Conjuration/Air              1
   *Swiftness                         Charms/Air                   2
   *Repel Missiles                    Charms/Air                   2
   Flight                             Charms/Air                   3
   Static Discharge                   Conjuration/Air              3
   Lightning Bolt                     Conjuration/Air              5


   Skills:
 - Level 2.1 Dodging
 - Level 2.1 Stealth
 - Level 2.1 Spellcasting
 + Level 2.7 Conjurations
 + Level 6.3 Air Magic


You had 3 spell levels left.
You knew the following spells:

 Your Spells              Type           Power        Failure   Level  Hunger
a - Shock                 Conj/Air       ###.         2%          1    #......
b - Swiftness             Chrm/Air       ##........   10%         2    ##.....
c - Repel Missiles        Chrm/Air       ##........   10%         2    ##.....


Dungeon Overview and Level Annotations

Branches:
Dungeon (4/27)
 Temple: D:4-7

Altars:
the Shining One


Message History

Press: ? - help, Shift-Dir - straight line, f/p - orc priest
Aim: an orc priest (heavily wounded)
The zap hits the orc priest.
The orc priest is severely wounded.
The orc priest calls down the wrath of Beogh upon you.
You resist.
The orc hits you with an orcish morningstar!
* * * LOW HITPOINT WARNING * * *
The orc misses you.
Casting: Shock
Confirm with . or Enter, or press ? or * to list all spells.
Aiming: Shock
Press: ? - help, Shift-Dir - straight line, f/p - orc priest
Aim: an orc priest (severely wounded)
The zap hits the orc priest.
The orc priest is almost dead.
The orc hits you with an orcish morningstar.
* * * LOW HITPOINT WARNING * * *
The orc hits you with an orcish hand axe.
You die...

#.. #.# #.# #.#
#.# #.# ###+#
#.####......#
###.##@o......#
##<.....o......+
#..............
#######o...##.#
#.#### # #.# ...
#.# ###


You could see an orc priest and 2 orcs.

Vanquished Creatures
  An orc wizard (D:3)
  5 adders
  4 gnolls
  A worm (D:2)
  4 giant geckos
  3 orcs (D:3)
  7 bats
  2 giant cockroaches (D:1)
  2 goblins
  2 hobgoblins (D:1)
  8 kobolds
  3 quokkas (D:3)
  A ball python (D:3)
  4 giant newts
  A giant newt skeleton (D:4)
  4 jackals (D:1)
  6 rats
58 creatures vanquished.

Notes
Turn   | Place    | Note
--------------------------------------------------------------
     0 | D:1      | JacquesDerrida, the High Elf Air Elementalist, began the quest for the Orb.
     0 | D:1      | Reached XP level 1. HP: 11/11 MP: 4/4
   142 | D:1      | Reached skill level 4 in Air Magic
   251 | D:1      | Reached XP level 2. HP: 9/17 MP: 1/5
   966 | D:2      | Reached XP level 3. HP: 19/21 MP: 1/8
  1034 | D:1      | Reached skill level 5 in Air Magic
  1299 | D:2      | Reached XP level 4. HP: 25/27 MP: 5/11
  2236 | D:3      | Reached skill level 6 in Air Magic
  2246 | D:3      | Learned a level 2 spell: Swiftness
  2249 | D:3      | Learned a level 2 spell: Repel Missiles
  2391 | D:3      | Found a glowing golden altar of the Shining One.
  2424 | D:3      | Reached XP level 5. HP: 31/31 MP: 9/12
  2786 | D:4      | Slain by an orc

Action                   |  1- 3 |  4- 6 || total
-------------------------+-------+-------++-------
Melee: Unarmed           |    43 |       ||    43
       Dagger            |       |    23 ||    23
 Cast: Shock             |    65 |    51 ||   116
 Stab: Sleeping          |       |     1 ||     1
